 Dungeon Crawl Stone Soup version 0.21-a0-528-gf531e82 (webtiles) character file.

202 Amnesiac the Shooter (level 5, -2/40 HPs)
             Began as a Mummy Hunter on Dec 8, 2017.
             Slain by Blork the orc
             ... wielding a +0 war axe
              (7 damage)
             ... on level 4 of the Dungeon.
             The game lasted 00:04:13 (3224 turns).

Amnesiac the Shooter (Mummy Hunter)                 Turns: 3224, Time: 00:04:13

Health: -2/40      AC: 10    Str: 17    XL:     5   Next: 50%
Magic:  5/5        EV:  7    Int: 10    God:
Gold:   75         SH:  0    Dex: 12    Spells: 4/4 levels left

rFire    . . .     SeeInvis .   a - +1 shortbow
rCold    . . .     Gourm    .   (shield currently unavailable)
rNeg     + + +     Faith    .   s - +0 chain mail
rPois    ∞         Spirit   .   (no helmet)
rElec    .         Reflect  .   n - +0 cloak
rCorr    .         Harm     .   (no gloves)
MR       .....                  (no boots)
Stlth    ..........             (no amulet)
HPRegen  0.13/turn              f - ring of fire
MPRegen  0.09/turn              g - +1 ring of protection

@: no status effects
A: no food or potions, fire vulnerability, cold resistance 1, negative energy
resistance 3, torment resistance, unbreathing
a: no special abilities


You were on level 4 of the Dungeon.
You were not hungry.

You visited 1 branch of the dungeon, and saw 4 of its levels.

You collected 75 gold pieces.

Inventory:

Hand Weapons
 a - a +1 shortbow (weapon)
 b - a +0 dagger of flaming
 k - a +0 short sword
Missiles
 c - 30 sling bullets
 e - 26 poisoned needles
 l - 59 stones (quivered)
 o - a throwing net
 u - 7 javelins of penetration
Armour
 n - a +0 cloak (worn)
 s - a +0 chain mail (worn)
 t - a +3 ring mail
Jewellery
 f - a ring of fire (left hand)
 g - a +1 ring of protection (right hand)
Wands
 q - a wand of flame (26)
Scrolls
 h - 2 scrolls of remove curse {!r, unknown}
 i - 4 scrolls of teleportation {!r, unknown}
 j - a scroll of amnesia {!r, unknown}
 m - 2 scrolls of identify {!r, unknown}
 p - a scroll of fog {!r, unknown}
 r - a scroll of random uselessness {!r, unknown}


   Skills:
 + Level 2.8 Fighting
 * Level 4.2 Bows
 + Level 2.4 Armour
 + Level 2.3 Dodging
 - Level 0.7 Stealth


You had 4 spell levels left.
You didn't know any spells.

Dungeon Overview and Level Annotations

Branches:
Dungeon (4/15)
 Temple: D:4-7

Altars:
Hepliaklqana
Kikubaaqudgha
Trog
Xom

Annotations:
D:4 Blork the orc


Innate Abilities, Weirdness & Mutations

You do not eat or drink.
Your flesh is vulnerable to fire.
You are immune to poison.
Your flesh is cold resistant. (rC+)
You are immune to negative energy. (rN+++)
You are immune to unholy pain and torment.
You can survive without breathing.


Message History

The puff of frost hits you!
* * * LOW HITPOINT WARNING * * *
Your +0 dagger of flaming stops flaming.
a - a +1 shortbow (weapon)
Firing (i - inventory. (,) - cycle):
d - 9 arrows (quivered)
Press: ? - help, Shift-Dir - straight line, f - Blork the orc
Aim: Blork the orc, wielding a war axe and wearing a robe You shoot an arrow.
The arrow closely misses Blork the orc.
Firing (i - inventory. (,) - cycle):
d - 8 arrows (quivered)
Press: ? - help, Shift-Dir - straight line, f/p - Blork the orc
Aim: Blork the orc, wielding a war axe and wearing a robe You shoot an arrow.
The arrow hits Blork the orc.
Blork the orc is lightly wounded.
Blork the orc closely misses you.
Firing (i - inventory. (,) - cycle):
d - 7 arrows (quivered)
Press: ? - help, Shift-Dir - straight line, f/p - Blork the orc
Aim: Blork the orc, wielding a war axe and wearing a robe (lightly wounded)
You shoot an arrow. The arrow hits Blork the orc!
Blork the orc is moderately wounded.
Blork the orc hits you but does no damage.
Firing (i - inventory. (,) - cycle):
d - 6 arrows (quivered)
Press: ? - help, Shift-Dir - straight line, f/p - Blork the orc
Aim: Blork the orc, wielding a war axe and wearing a robe (moderately wounded)
You shoot an arrow. The arrow hits Blork the orc.
Blork the orc is heavily wounded.
Blork the orc screams, "I'll drink your blood!
Soon!"
Blork the orc hits you with a war axe!
* * * LOW HITPOINT WARNING * * *
Firing (i - inventory. (,) - cycle):
d - 5 arrows (quivered)
Press: ? - help, Shift-Dir - straight line, f/p - Blork the orc
Aim: Blork the orc, wielding a war axe and wearing a robe (heavily wounded)
You shoot an arrow. The arrow hits Blork the orc.
Blork the orc is heavily wounded.
Blork the orc gestures at you while chanting.
The magic dart hits you!
* * * LOW HITPOINT WARNING * * *
Firing (i - inventory. (,) - cycle):
d - 4 arrows (quivered)
Press: ? - help, Shift-Dir - straight line, f/p - Blork the orc
Aim: Blork the orc, wielding a war axe and wearing a robe (heavily wounded)
You shoot an arrow. The arrow hits Blork the orc!
Blork the orc is almost dead.
Blork the orc drinks a potion.
Blork the orc is healed!
You can't drink.
Okay, then.
Firing (i - inventory. (,) - cycle):
d - 3 arrows (quivered)
Press: ? - help, Shift-Dir - straight line, f/p - Blork the orc
Aim: Blork the orc, wielding a war axe and wearing a robe (moderately wounded)
You shoot an arrow. The arrow hits Blork the orc!
Blork the orc is heavily wounded.
Blork the orc hits you with a war axe.
* * * LOW HITPOINT WARNING * * *
Firing (i - inventory. (,) - cycle):
d - 2 arrows (quivered)
Press: ? - help, Shift-Dir - straight line, f/p - Blork the orc
Aim: Blork the orc, wielding a war axe and wearing a robe (heavily wounded)
You shoot an arrow.
The arrow hits Blork the orc but does no damage.
Blork the orc is heavily wounded.
Blork the orc barely misses you.
Firing (i - inventory. (,) - cycle):
d - an arrow (quivered)
Press: ? - help, Shift-Dir - straight line, f/p - Blork the orc
Aim: Blork the orc, wielding a war axe and wearing a robe (heavily wounded)
You shoot an arrow. The arrow closely misses Blork the orc.
Blork the orc hits you with a war axe!
You die...

.........
.........
........#
!.....##
......#
#....#
#####..).#
(.....o@#
........#
........#
.......
........#
._8_).#
(..##...#
....{.# ..
#...#
......##..
....#
#..<......
.....#
.........
......#


You could see Blork the orc.

Vanquished Creatures
  A hound (D:3)
  A bullfrog skeleton (D:4)
  2 adders (D:3)
  4 gnolls (D:2)
  2 worms (D:2)
  A dart slug (D:1)
  3 leopard geckos (D:1)
  2 orcs
  6 giant cockroaches
  6 goblins
  7 hobgoblins
  3 jackals (D:1)
  A quokka (D:3)
  A ball python (D:2)
  9 bats
  2 frilled lizards (D:1)
  14 kobolds
  12 rats
77 creatures vanquished.

Notes
Turn   | Place    | Note
-------+----------+-------------------------------------------
     0 | D:1      | Amnesiac the Mummy Hunter began the quest for the Orb.
     0 | D:1      | Reached XP level 1. HP: 16/16 MP: 1/1
    36 | D:1      | Reached skill level 1 in Armour
    41 | D:1      | Reached XP level 2. HP: 22/22 MP: 2/2
   414 | D:1      | Reached XP level 3. HP: 27/27 MP: 3/3
   814 | D:2      | Found an ancient bone altar of Kikubaaqudgha.
  1486 | D:2      | Reached XP level 4. HP: 34/34 MP: 4/4
  1677 | D:2      | Found a faded altar of an unknown god.
  1825 | D:3      | Found a shimmering altar of Xom.
  2103 | D:3      | Reached skill level 4 in Bows
  2553 | D:3      | Reached XP level 5. HP: 39/39 MP: 5/5
  3099 | D:4      | Found a bloodstained altar of Trog.
  3099 | D:4      | Found a hazy altar of Hepliaklqana.
  3100 | D:4      | Noticed Blork the orc
  3224 | D:4      | Slain by Blork the orc

Vault maps used:
D:1:      saegor_arrival_miasma
D:2:      kiku_gazebo_garden_becter, chequers_ecumenical_altar_simple_redux
D:3:      lemuel_coloured_pillars_altar
D:4:      chequers_temple_overflow_statue_of_worship, temple_hall, first_bread,
          uniq_blork_the_orc

Skill      XL: |  1  2  3  4 |
---------------+-------------+-----
Armour         | 1 2 |  2.4
Dodging        | 2 |  2.3
Bows           | 4 |  4.2
Fighting       | |  2.8
Stealth        | |  0.7

Action                   |  1- 3 |  4- 6 || total
-------------------------+-------+-------++-------
Melee: Dagger            |    77 |   161 ||   238
 Fire: Shortbow          |    95 |    17 ||   112
Throw: Stone             |     4 |       ||     4
Armor: Leather armour    |     4 |       ||     4
       Ring mail         |    35 |    44 ||    79
       Scale mail        |       |    10 ||    10
       Chain mail        |       |    18 ||    18
Dodge: Dodged            |    70 |    84 ||   154

Table legend:
 A = Spawn XP
 B = Non-spawn XP
 C = Spawn XP percentage of total XP
 D = Spawn monster count
 E = Non-spawn monster count
 F = Spawn count percentage of total count
 G = Total turns spent on level
                    A         B        C        D         E        F      G
               +---------+---------+-------+---------+---------+-------+---------
         Total |       0 |     289 |   0.0 |       0 |      77 |   0.0 |  3224
               +---------+---------+-------+---------+---------+-------+---------
           D:1 |       0 |      56 |   0.0 |       0 |      30 |   0.0 |  1121
           D:2 |       0 |      94 |   0.0 |       0 |      25 |   0.0 |   693
           D:3 |       0 |      99 |   0.0 |       0 |      20 |   0.0 |  1374
           D:4 |       0 |      40 |   0.0 |       0 |       2 |   0.0 |    36
               +---------+---------+-------+---------+---------+-------+---------
